 Dungeon Crawl Stone Soup version 0.19.1-1-g22dce08 (webtiles) character file.

5901 kaisette the Cleaver (level 10, -16/81 HPs)
             Began as a Deep Dwarf Fighter on Dec 30, 2016.
             Was a Priest of Hepliaklqana.
             Demolished by a hill giant
             ... wielding a +0 giant club
              (32 damage)
             ... on level 10 of the Dungeon.
             The game lasted 00:30:24 (7585 turns).

kaisette the Cleaver (Deep Dwarf Fighter)           Turns: 7585, Time: 00:30:24

Health: -16/81     AC: 12    Str: 21    XL:     10   Next: 53%
Magic:  7/7        EV:  3    Int: 11    God:    Hepliaklqana [***...]
Gold:   924        SH:  8    Dex: 14    Spells: 0 memorised, 9 levels left

rFire  . . .     SeeInvis .     a - +1 war axe (freeze)
rCold  . . .     Gourm    .     v - +0 plate armour
rNeg   . . .     Faith    .     c - +0 shield
rPois  +         Spirit   .     (helmet restricted)
rElec  .         Reflect  .     i - +0 cloak
rCorr  .         Harm     .     F - +0 pair of gloves
MR     +....                    (no boots)
Stlth  ..........               r - amulet of magic regeneration
                                (no ring)
                                h - ring of poison resistance

@: non-regenerating, heavily drained
A: damage resistance, recharge devices, reduced essence, horns 1, agile 1,
clever 1, deterioration 1, frail 1, sense surroundings 2, slow regeneration 3,
weak 1
a: Device Recharging, Recall Ancestor, Ancestor Identity, Transference, Renounce
Religion


You were on level 10 of the Dungeon.
You worshipped Hepliaklqana.
Hepliaklqana was most pleased with you.
You were not hungry.

You visited 1 branch of the dungeon, and saw 10 of its levels.
You also visited: Ossuary.

You collected 924 gold pieces.

Inventory:

Hand Weapons
 a - a +1 war axe of freezing (weapon)
Armour
 b - a +0 scale mail
 c - a +0 shield (worn)
 i - a +0 cloak (worn)
 v - a +0 plate armour (worn)
 y - +1 shadow dragon scales
 D - a +0 helmet
 F - a +0 pair of gloves (worn)
Jewellery
 h - a ring of poison resistance (left hand)
 r - an amulet of magic regeneration (around neck)
 G - an uncursed ring of positive energy {unknown}
Wands
 d - a wand of polymorph (0/24)
 e - a wand of heal wounds (0/9)
 n - a wand of random effects (0/48)
 B - a wand of paralysis (4/24)
 I - a wand of paralysis (10/24)
Scrolls
 g - 5 scrolls of remove curse
 j - 2 scrolls of immolation
 l - a scroll of teleportation
 q - a scroll of random uselessness
 C - a scroll of fog {unknown}
 E - a scroll of blinking
 H - 6 scrolls of identify
Potions
 k - a potion of brilliance
 m - a potion of lignification
 s - 2 potions of flight
 u - a potion of degeneration
 x - a potion of might
 J - a potion of curing
Books
 z - a book of Cantrips

   Spells                             Type                      Level
   a - Confusing Touch                Hexes                        1
   b - Animate Skeleton               Necromancy                   1
   c - Summon Small Mammal            Summoning                    1
   d - Apportation                    Translocation                1
Comestibles
 f - 6 bread rations
 o - 3 meat rations
 p - 2 slices of pizza
 t - 7 fruits
 w - a beef jerky
 A - 5 royal jellies


   Skills:
 - Level 10.0(8.1) Fighting
 * Level 12.9(10.8) Axes
 - Level 3.2(1.7) Armour
 - Level 3.2(1.7) Shields


You had 9 spell levels left.
You didn't know any spells.

Dungeon Overview and Level Annotations

Branches:
Dungeon (10/15)            Temple (0/1) D:7            Lair (0/6) D:8
    Orc: D:9-12

Altars:
Ashenzari
Dithmenos
Elyvilon
Fedhas
Hepliaklqana
Kikubaaqudgha
Nemelex Xobeh
Okawaru
Ru
Trog
Xom
Yredelemnul
Zin

Shops:
D:9 %

Annotations:
D:10 Nergalle


Innate Abilities, Weirdness & Mutations

You are resistant to damage.
You can recharge devices by infusing magical energy.
You passively map the area around you.
You do not regenerate.
Your life essence is reduced. (-10% HP)
You have a pair of small horns on your head.
You are agile. (Dex +2)
Your mind is acute. (Int +2)
Your body sometimes deteriorates upon taking damage.
You are frail. (-10% HP)
You are weak. (Str -2)


Message History

You block the bullfrog zombie's attack. x2
You slash the bullfrog zombie! You freeze the bullfrog zombie.
Your headbutt misses the bullfrog zombie.
The bullfrog zombie is severely damaged.
You block the bullfrog zombie's attack.
You hit the bullfrog zombie. You headbutt the bullfrog zombie.
The bullfrog zombie is severely damaged.
The bullfrog zombie hits you.
You slash the bullfrog zombie!
You destroy the bullfrog zombie!
You hit the hill giant. You freeze the hill giant.
The hill giant is lightly wounded.
The hill giant hits you with a giant club!
* * * LOW HITPOINT WARNING * * *
You slash the hill giant! You freeze the hill giant.
The hill giant is moderately wounded.
You slash the hill giant! You freeze the hill giant.
The hill giant is heavily wounded.
The hill giant hits you with a giant club!!
You die...

** ,* ** , ,, , *
* , ,, * , ** * *
* * #####
######## * #..!#
#KC@!..# , ##*
#...# #o####.#
,,..?.#...###.#
*. * ,
#.........K#..(.,
, #...(........#
,* * * **
#..........### *
###......#..... *
#..%o#.###### ,
#......# *


You could see a hill giant, an orc warrior and a kobold.

Vanquished Creatures
  The ghost of simples the Basher, a novice GrGl of Qazlal (D:7)
  An ugly thing (D:8)
  A hornet (D:8)
  A hippogriff (D:8)
  A spriggan (D:7)
  The ghost of Paps the Shield-Bearer, an amateur GrFi of Trog (D:3)
  2 water moccasins
  A sky beast (D:8)
  2 orc warriors (D:8)
  2 black bears
  A phantom (D:9)
  An ogre (D:5)
  A centaur (D:7)
  4 big kobolds
  The ghost of Haldmier the Ruffian, an amateur VSTm (D:5)
  3 bullfrogs (D:9)
  A wyvern zombie (D:6)
  3 scorpions
  A killer bee (D:9)
  2 howler monkeys (D:8)
  A vampire bat (D:3)
  A bullfrog zombie (D:10)
  2 crimson imps
  3 orc priests
  A hound (D:5)
  2 centaur skeletons
  An iron imp (D:9)
  5 orc wizards
  A bullfrog skeleton (D:4)
  2 iguanas
  Jessica (D:2)
  Terence (D:3)
  2 worker ants
  A killer bee zombie (D:9)
  2 big kobold zombies (Ossuary)
  2 mummies (Ossuary)
  2 worker ant zombies
  10 adders
  8 gnolls (D:5)
  3 shadow imps
  An ooze (D:2)
  3 worms (D:3)
  A dart slug (D:2)
  3 fire bats (D:3)
  3 leopard geckos
  26 orcs
  2 spectral bats (D:3)
  15 bats
  3 bat skeletons (D:3)
  A bat zombie (D:3)
  7 giant cockroaches
  23 goblins
  26 hobgoblins
  6 jackals
  2 quokkas
  3 ball pythons
  A bat simulacrum (D:3)
  4 frilled lizards
  A gnoll zombie (Ossuary)
  2 goblin zombies (Ossuary)
  3 hobgoblin zombies (Ossuary)
  A jackal skeleton (D:8)
  20 kobolds
  An orc zombie (Ossuary)
  7 rats
  A spectral orc (D:6)
248 creatures vanquished.

Vanquished Creatures (collateral kills)
  2 red devils (D:9)
  A water moccasin (D:9)
  An ice beast (D:5)
  A necrophage (D:8)
  A big kobold (D:5)
  A bullfrog (D:8)
  3 killer bees (D:9)
  2 scorpions
  A human zombie (Ossuary)
  2 orc priests
  Crazy Yiuf (D:7)
  An orc wizard (D:4)
  2 worker ants
  An adder (D:5)
  3 adder zombies
  A leopard gecko (D:6)
  3 orcs
  2 gnoll zombies (Ossuary)
  4 goblins (D:5)
  4 hobgoblins (D:5)
  A quokka (D:4)
  2 kobolds (D:9)
  2 orc zombies (Ossuary)
42 creatures vanquished.

Vanquished Creatures (others)
  2 ancestors (D:8)
2 creatures vanquished.

Grand Total: 292 creatures vanquished

Notes
Turn   | Place    | Note
-------+----------+-------------------------------------------
     0 | D:1      | kaisette the Deep Dwarf Fighter began the quest for the Orb.
     0 | D:1      | Reached XP level 1. HP: 20/20 MP: 1/1
   195 | D:1      | Reached skill level 3 in Axes
   195 | D:1      | Reached XP level 2. HP: 25/27 MP: 2/2
   254 | D:1      | Found an iron altar of Okawaru.
   484 | D:2      | Noticed Jessica
   492 | D:2      | Killed Jessica
   492 | D:2      | Reached skill level 4 in Axes
   492 | D:2      | Reached XP level 3. HP: 30/33 MP: 3/3
   863 | D:2      | Reached XP level 4. HP: 30/40 MP: 4/4
   924 | D:2      | Found a shadowy altar of Dithmenos.
  1200 | D:2      | Reached skill level 5 in Axes
  1248 | D:3      | Noticed Paps's ghost (amateur GrFi)
  1283 | D:3      | Killed Paps's ghost
  1283 | D:3      | Reached skill level 6 in Axes
  1283 | D:3      | Reached XP level 5. HP: 30/46 MP: 5/5
  1331 | D:3      | Reached skill level 7 in Axes
  1331 | D:3      | Reached XP level 6. HP: 35/55 MP: 6/6
  1569 | D:3      | Found a glowing silver altar of Zin.
  1571 | D:3      | Noticed Terence
  1588 | D:3      | Killed Terence
  1752 | D:3      | Found a bloodstained altar of Trog.
  1752 | D:3      | Found a hazy altar of Hepliaklqana.
  1759 | D:3      | Became a worshipper of Hepliaklqana the Forgotten
  2080 | D:4      | Reached skill level 8 in Axes
  2454 | D:4      | Reached * piety under Hepliaklqana
  2489 | D:4      | Reached XP level 7. HP: 32/54 MP: 7/7
  2543 | D:4      | Found a white marble altar of Elyvilon.
  2741 | D:5      | Entered Level 5 of the Dungeon
  2784 | D:5      | Reached skill level 9 in Axes
  2790 | D:5      | Found a shattered altar of Ashenzari.
  2808 | D:5      | Found a sacrificial altar of Ru.
  3078 | D:5      | Noticed Haldmier's ghost (amateur VSTm)
  3258 | D:5      | Killed Haldmier's ghost
  3258 | D:5      | Reached skill level 10 in Axes
  3457 | D:5      | Reached XP level 8. HP: 38/61 MP: 8/8
  3704 | D:5      | Reached skill level 11 in Axes
  3974 | D:6      | Reached ** piety under Hepliaklqana
  4315 | D:6      | Found a basalt altar of Yredelemnul.
  4695 | D:7      | Noticed simples's ghost (novice GrGl)
  4695 | D:7      | Found a staircase to the Ecumenical Temple.
  4724 | D:7      | Killed simples's ghost
  4724 | D:7      | Gained mutation: You passively map the area around you. [Deep Dwarf growth]
  4724 | D:7      | Reached XP level 9. HP: 11/76 MP: 9/9
  5225 | D:7      | Found a runed door.
  5425 | D:7      | Noticed Crazy Yiuf
  5432 | D:7      | Killed Crazy Yiuf
  5562 | D:8      | Reached *** piety under Hepliaklqana
  5917 | D:8      | Gained mutation: You are weak. (Str -2) [potion of mutation]
  5917 | D:8      | Gained mutation: You are agile. (Dex +2) [potion of mutation]
  5917 | D:8      | Gained mutation: Your body sometimes deteriorates upon taking damage. [potion of mutation]
  5918 | D:8      | Gained mutation: Your mind is acute. (Int +2) [potion of mutation]
  5918 | D:8      | Gained mutation: You have a pair of small horns on your head. [potion of mutation]
  5918 | D:8      | Gained mutation: You are frail. (-10% HP) [potion of mutation]
  5950 | D:8      | Found a sand-covered staircase.
  5953 | D:8      | Found a staircase to the Lair.
  6106 | D:8      | Remembered your ancestor Xochipepe as a knight
  6227 | Ossuary  | Entered an ossuary
  6419 | D:8      | Found a shimmering altar of Xom.
  6463 | D:8      | Found a sparkling altar of Nemelex Xobeh.
  6516 | D:9      | Noticed a cyan ugly thing
  6524 | D:8      | Reached skill level 10 in Fighting
  6524 | D:8      | Reached XP level 10. HP: 50/81 MP: 9/9
  6538 | D:8      | Killed a cyan ugly thing
  6599 | D:9      | Found a blossoming altar of Fedhas.
  6655 | D:9      | Found an ancient bone altar of Kikubaaqudgha.
  6694 | D:9      | Reached skill level 12 in Axes
  7008 | D:9      | Noticed an orange demon
  7197 | D:9      | Found Zilus's Food Shop.
  7530 | D:10     | Entered Level 10 of the Dungeon
  7548 | D:10     | Noticed Nergalle
  7567 | D:10     | Noticed a hill giant
  7585 | D:10     | Demolished by a hill giant

Skill      XL: |  1  2  3  4  5  6  7  8  9 10 |
---------------+-------------------------------+-----
Axes           | 3 4 6 7 8 10 11 12 | 12.9
Fighting       | 6 10 | 10.0
Armour         | |  3.2
Shields        | |  3.2

Action                   |  1- 3 |  4- 6 |  7- 9 | 10-12 || total
-------------------------+-------+-------+-------+-------++-------
Melee: War axe           |   130 |   210 |   447 |   101 ||   888
       Headbutt          |       |       |    12 |    16 ||    28
Invok: Recall Ancestor   |       |       |     1 |       ||     1
       Transference      |       |       |     1 |       ||     1
       Ancestor Life: Kn |       |       |     1 |       ||     1
       Ancestor Identity |       |       |     1 |       ||     1
 Abil: Device Recharging |       |       |     1 |     2 ||     3
Evoke: Wand              |       |     3 |    10 |    14 ||    27
  Use: Scroll            |       |     9 |     5 |     1 ||    15
       Potion            |       |     4 |    12 |       ||    16
 Stab: Distracted        |       |     1 |     3 |     1 ||     5
  Eat: Bread ration      |       |     2 |     4 |       ||     6
Armor: Scale mail        |    35 |       |       |       ||    35
       Plate armour      |    34 |   155 |   259 |    57 ||   505
       Skin              |       |       |     8 |       ||     8
Dodge: Dodged            |    33 |    34 |    52 |    14 ||   133
Block: Shield            |    85 |   119 |   213 |    54 ||   471
